 Dungeon Crawl Stone Soup version 0.28.0-45-g0d030f2227 (webtiles) character file.

Game seed: 7609030370234749640

72 issech the Cudgeller (level 4, -1/44 HPs)
             Began as a Troll Monk on Apr 18, 2022.
             Killed from afar by Crazy Yiuf (11 damage)
             ... with a puff of flame
             ... on level 2 of the Dungeon.
             The game lasted 00:06:51 (1836 turns).

issech the Cudgeller (Troll Monk)                   Turns: 1836, Time: 00:06:52

Health: -1/44      AC:  4    Str: 19    XL:     4   Next: 6%
Magic:  3/3        EV: 10    Int:  6    God:
Gold:   9          SH:  0    Dex: 14    Spells: 3/3 levels left

rFire   . . .      SeeInvis .   a - +0 mace
rCold   . . .      Faith    .   (no shield)
rNeg    . . .      Spirit   .   b - +0 robe
rPois   .          Reflect  .   (helmet restricted)
rElec   .          Harm     .   (no cloak)
rCorr   .          Rampage  .   (gloves unavailable)
Will    .....                   (boots unavailable)
Stlth   ++........              (no amulet)
HPRegen 0.94/turn               (no ring)
MPRegen 0.08/turn               (no ring)

@: no status effects
A: large, unfitting armour, claws 3, regeneration 1, shaggy fur 1, tough skin 1
a: no special abilities


You were on level 2 of the Dungeon.
You visited 1 branch of the dungeon, and saw 2 of its levels.

You collected 9 gold pieces.

Inventory:

Hand Weapons
 a - a +0 mace (weapon)
Missiles
 c - 62 stones (quivered)
 f - 5 javelins
Armour
 b - a +0 robe (worn)
Scrolls
 g - a scroll of identify {unknown}
 h - a scroll of immolation {unknown}
 j - a scroll of enchant weapon {unknown}
Potions
 e - 3 potions of heal wounds {unknown}
 i - a potion of might {unknown}
 k - a potion of mutation {unknown}


   Skills:
 + Level 2.9 Fighting
 + Level 3.5 Maces & Flails
 + Level 3.0 Dodging
 + Level 1.1 Stealth


You had 3 spell levels left.
You didn't know any spells.
Your spell library was empty.

Dungeon Overview and Level Annotations

Branches:
Dungeon (2/15)

Altars:
Ru

Annotations:
D:2 Crazy Yiuf


Innate Abilities, Weirdness & Mutations

You are too large for most types of armour.
You have claws for hands.
Your natural rate of healing is unusually fast.
You are covered in fur. (AC +1)
You have tough skin. (AC +1)


Message History

The endoplasm is heavily wounded.
The endoplasm closely misses you.
You sock the endoplasm!
You kill the endoplasm!
You open the door. You throw a poisoned dart.
The poisoned dart hits Crazy Yiuf.
Crazy Yiuf shouts!
Crazy Yiuf whimpers, "Castle blue hand!"
Crazy Yiuf zaps a wand.
The puff of flame hits you!
You throw a poisoned dart.
The poisoned dart barely misses Crazy Yiuf.
Crazy Yiuf zaps a wand.
The puff of flame hits you.
You throw a poisoned dart.
The poisoned dart barely misses Crazy Yiuf.
Crazy Yiuf zaps a wand.
The puff of flame hits you.
You throw a poisoned dart. The poisoned dart hits Crazy Yiuf.
Crazy Yiuf zaps a wand.
The puff of flame hits you!
You are too injured to fight recklessly!
Unknown command.
Crazy Yiuf zaps a wand.
The puff of flame hits you.
You are too injured to fight recklessly!
You are too injured to fight recklessly!
Crazy Yiuf whimpers, "Mugger sing return to song!"
You are too injured to fight recklessly!
You are too injured to fight recklessly!
Crazy Yiuf grits, "Seed ragdoll Xom!"
Crazy Yiuf zaps a wand.
The puff of flame hits you.
You throw a poisoned dart. The poisoned dart hits Crazy Yiuf.
You throw a stone.
The stone hits Crazy Yiuf but does no damage.
Crazy Yiuf zaps a wand.
The puff of flame hits you!
You are too injured to fight recklessly!
You are too injured to fight recklessly!
You are too injured to fight recklessly!
Crazy Yiuf zaps a wand.
The puff of flame hits you!
* * * LOW HITPOINT WARNING * * *
Crazy Yiuf zaps a wand.
The puff of flame hits you!
* * * LOW HITPOINT WARNING * * *
Crazy Yiuf zaps a wand.
The puff of flame hits you!
You die...

#.#.###.#####.<......##
# #.....#.# #.#.###..#
###.#.#.# ##.#.###..#
##...## ##.#...##..####
##.## ##.#.....#..##.##
#.####.#.............#
#[....#..........##.##
######.#.......####.#
#.....@#.....## #.#
#g#####.#...## #.# #.#
##.#.## #.# #.# ###.#
#.# #g# #.#######.###
#(# #...........#
##(##### #############
#......#
#.####g####♣♣♣♣♣


You could see Crazy Yiuf.

Vanquished Creatures
  3 adders (D:2)
  A dart slug (D:2)
  7 endoplasms
  4 goblins
  2 hobgoblins (D:1)
  4 kobolds
  3 quokkas
  3 ball pythons
  3 bats
  11 frilled lizards
  A rat (D:2)
42 creatures vanquished.

Vanquished Creatures (others)
  A fungus (D:2)
  3 plants (D:1)
4 creatures vanquished.

Grand Total: 46 creatures vanquished

Notes
Turn   | Place    | Note
-------+----------+-------------------------------------------
     0 | D:1      | issech the Troll Monk began the quest for the Orb.
     0 | D:1      | Reached XP level 1. HP: 22/22 MP: 0/0
   169 | D:1      | Reached XP level 2. HP: 29/29 MP: 1/1
   423 | D:1      | Found a faded altar of an unknown god.
  1067 | D:2      | Reached XP level 3. HP: 34/36 MP: 2/2
  1069 | D:2      | Found a sacrificial altar of Ru.
  1322 | D:2      | Found a runed translucent door.
  1323 | D:2      | Noticed Crazy Yiuf
  1531 | D:2      | Reached XP level 4. HP: 44/44 MP: 3/3
  1836 | D:2      | Killed from afar by Crazy Yiuf

Illustrated notes

Levels and vault maps discovered:
D:1:      evilmike_arrival_hilbert_curve, layout_basic,
          ebering_ecumenical_altar_rust, minmay_misc_feat_hallway,
          minmay_fountain_box, minmay_lizard_king
D:2:      layout_loops_ring, basic_altar, st_stairs_12, uniq_crazy_yiuf_cottage

Skill      XL: |  1  2  3 |
---------------+----------+-----
Maces & Flails | 3 |  3.5
Dodging        | 3 |  3.0
Fighting       | |  2.9
Stealth        | |  1.1

Action                   |  1- 3 |  4- 6 || total
-------------------------+-------+-------++-------
Melee: Mace              |   102 |     6 ||   108
       Punch             |     1 |       ||     1
Throw: Dart              |       |     5 ||     5
       Stone             |       |     1 ||     1
 Stab: Sleeping          |     2 |       ||     2
Armor: Robe              |    55 |     2 ||    57
Dodge: Dodged            |    57 |     1 ||    58
